 Dungeon Crawl Stone Soup version 0.21.1-1-g345015f (webtiles) character file.

508 empire the Slasher (level 6, -2/52 HPs)
             Began as a Minotaur Fighter on June 13, 2018.
             Slain by an ogre
             ... wielding a +0 giant club
              (21 damage)
             ... on level 4 of the Dungeon.
             The game lasted 00:05:34 (2681 turns).

empire the Slasher (Minotaur Fighter)               Turns: 2681, Time: 00:05:35

Health: -2/52      AC:  7    Str: 21    XL:     6   Next: 98%
Magic:  5/5        EV:  9    Int:  1    God:
Gold:   128        SH:  9    Dex: 11    Spells: 5/5 levels left

rFire    . . .     SeeInvis .   a - +0 long sword
rCold    . . .     Gourm    .   c - +0 shield
rNeg     . . .     Faith    .   b - +0 scale mail
rPois    .         Spirit   .   (helmet restricted)
rElec    .         Reflect  .   (no cloak)
rCorr    .         Harm     .   (no gloves)
MR       .....                  (no boots)
Stlth    ..........             (no amulet)
HPRegen  0.17/turn              j - -4 ring of intelligence (curse)
MPRegen  0.09/turn              (no ring)

@: no status effects
A: retaliatory headbutt, horns 2
a: no special abilities


You were on level 4 of the Dungeon.
You were not hungry.

You visited 1 branch of the dungeon, and saw 4 of its levels.

You collected 128 gold pieces.

Inventory:

Hand Weapons
 a - a +0 long sword (weapon)
 g - a +4 dagger
 p - a +2 antimagic short sword
 w - a +1 dagger of pain
Missiles
 v - 4 javelins of penetration (quivered)
Armour
 b - a +0 scale mail (worn)
 c - a +0 shield (worn)
Jewellery
 j - a cursed -4 ring of intelligence (left hand)
 t - a cursed -3 ring of intelligence
 u - an uncursed ring of flight {unknown}
Wands
 q - a wand of scattershot (4)
Scrolls
 e - 6 scrolls of identify {unknown}
 i - a scroll of fog {unknown}
 k - 2 scrolls of amnesia {unknown}
 l - a scroll of enchant armour {unknown}
 n - 3 scrolls of remove curse {unknown}
 o - 2 scrolls of immolation {unknown}
 r - a scroll of teleportation {unknown}
Potions
 h - 5 potions of curing
 m - a potion of invisibility {unknown}
 s - 2 potions of haste {unknown}
Books
 x - a book of Conjurations

   Spells                             Type                      Level
   a - Magic Dart                     Conjuration                  1
   b - Searing Ray                    Conjuration                  2
   c - Dazzling Spray                 Conjuration/Hexes            3
   d - Fulminant Prism                Conjuration/Hexes            4
   e - Force Lance                    Conjuration/Translocation    4
   f - Iskenderun's Mystic Blast      Conjuration                  4
Comestibles
 f - 5 rations


   Skills:
 - Level 4.0 Fighting
 + Level 7.0 Long Blades
 - Level 4.0 Armour
 + Level 4.4 Dodging
 - Level 4.0 Shields


You had 5 spell levels left.
You didn't know any spells.

Dungeon Overview and Level Annotations

Branches:
Dungeon (4/15)
 Temple: D:4-7

Altars:
The Shining One


Innate Abilities, Weirdness & Mutations

You reflexively headbutt those who attack you in melee.
You have a pair of horns on your head.


Message History

You see here a scroll labeled WOASHR FODGHAMAXES.
n - 3 scrolls labeled WOASHR FODGHAMAXES (gained 1)
You feel sick.
Found a stone staircase leading up.
You feel sick.
You slash the ogre! Your headbutt misses the ogre.
The ogre is moderately wounded.
The ogre barely misses you.
You hit the ogre. Your headbutt misses the ogre.
The ogre is heavily wounded.
You block the ogre's attack.
You slash the ogre! You headbutt the ogre.
The ogre is almost dead.
You feel sick. The ogre hits you with a giant club!!
* * * LOW HITPOINT WARNING * * *
You feel better.
You hit the ogre.
The ogre is almost dead.
The ogre hits you with a giant club!!
You die...

... ##..##
##....# .....# ..
# #.... .. ...
...## #.#
....###..# #..#
.........####.#
......O@.##...##
<..###.........##
(. #..........#
...
#..###.....######
...####.#
##.........##
.........
#...........#
........#
###.####....#
........#####.###
..##
.........[......#
##


You could see an ogre.

Vanquished Creatures
  The ghost of Alabard the Ruffian, an amateur TrWr (D:4)
  An ogre (D:4)
  2 orc wizards (D:4)
  A worker ant (D:4)
  A howler monkey skeleton (D:2)
  2 adders (D:3)
  An ooze (D:3)
  A worm (D:4)
  4 dart slugs
  A leopard gecko (D:2)
  4 orcs
  7 giant cockroaches
  8 goblins
  2 hobgoblins
  6 jackals
  11 kobolds
  A quokka (D:2)
  3 ball pythons
  11 bats
  3 frilled lizards
  8 rats
79 creatures vanquished.

Notes
Turn   | Place    | Note
-------+----------+-------------------------------------------
     0 | D:1      | empire the Minotaur Fighter began the quest for the Orb.
     0 | D:1      | Reached XP level 1. HP: 19/19 MP: 0/0
   137 | D:1      | Reached XP level 2. HP: 27/27 MP: 1/1
   317 | D:1      | Reached skill level 3 in Long Blades
   417 | D:1      | Reached XP level 3. HP: 33/33 MP: 2/2
   914 | D:2      | Reached skill level 4 in Long Blades
  1329 | D:2      | Reached XP level 4. HP: 29/40 MP: 3/3
  1750 | D:3      | Reached skill level 5 in Long Blades
  1750 | D:3      | Reached skill level 1 in Dodging
  1863 | D:2      | Found a glowing golden altar of the Shining One.
  2068 | D:4      | Noticed Alabard's ghost (amateur TrWr)
  2107 | D:4      | Killed Alabard's ghost
  2107 | D:4      | Reached skill level 6 in Long Blades
  2107 | D:4      | Reached XP level 5. HP: 16/46 MP: 4/4
  2107 | D:4      | Reached XP level 6. HP: 18/52 MP: 5/5
  2664 | D:4      | Reached skill level 7 in Long Blades
  2681 | D:4      | Slain by an ogre

Skill      XL: |  1  2  3  4  5  6 |
---------------+-------------------+-----
Shields        | 4 |  4.0
Fighting       | 4 |  4.0
Armour         | 4 |  4.0
Long Blades    | 3 4 6 7 |  7.0
Dodging        | 3 4 |  4.4

Action                   |  1- 3 |  4- 6 || total
-------------------------+-------+-------++-------
Melee: Long sword        |   107 |    95 ||   202
       Headbutt          |    14 |    17 ||    31
  Use: Potion            |       |     3 ||     3
  Eat: Chunk             |     1 |     5 ||     6
Armor: Scale mail        |    47 |    41 ||    88
Dodge: Dodged            |    34 |    37 ||    71
Block: Shield            |    54 |    52 ||   106
       Rpst.: Long sword |     8 |     7 ||    15
